AoeStats
← Steffels

Arabia

510160516Analyzed
1v1 RM · 2d ago on Sep 29, 2026· 36m 30s· 2 players
Game mode
Random Map
Map size
Tiny (2 player)
Population
200
Speed
Normal
Resources
Standard
Victory
Conquest
Starting age
Dark Age
Ending age
Imperial Age
RankedLock teamsTeams togetherTeam positionsShared explorationLock speedFull tech treeHidden civsTurbo modeCheats
Victory
Defeat
🇩🇪 Burgundians · Germany
1066
+17
🇧🇪 Varangians · Belgium
1095
-17
Macro_Prof
5:00 Double-Bit Axe
7:25 Loom
10:35 Feudal Age
13:22 Bow Saw
12:55 Horse Collar
13:59 Arson
19:13 Heavy Plow
20:36 Wheelbarrow
20:37 Gold Mining
20:55 Scale Barding Armor
23:40 Castle Age
22:08 Forging
22:51 Gold Shaft Mining
23:08 Fletching
23:55 Town Watch
24:28 Husbandry
23:49 Cavalier
25:30 Hand Cart
26:00 Chain Barding Armor
27:21 Iron Casting
26:55 Squires
27:29 Bodkin Arrow
28:01 Scale Mail Armor
28:05 Elite Skirmisher
30:42 Padded Archer Armor
Steffels
5:56 Loom
9:16 Feudal Age
10:31 Double-Bit Axe
11:04 Horse Collar
14:10 Bloodlines
22:06 Castle Age
20:54 Gold Mining
21:14 Scale Barding Armor
22:05 Fletching
22:15 Crossbowman
22:53 Bodkin Arrow
24:03 Bow Saw
25:20 Wheelbarrow
25:38 Padded Archer Armor
29:38 Pikeman
30:19 Squires
30:21 Scale Mail Armor
30:38 Leather Archer Armor
32:44 Chain Mail Armor
35:26 Hand Cart
35:39 Forging
Connection lost

Rejoining the realm…

Still unreachable

The connection could not be restored.

Session expired

The server has moved on; the page needs a fresh start.